Map: Temple gelé

Players

ALAMUERTE

  • Race: Terran Terran
  • League: Gold

pupu - Winner!

  • Race: Protoss Protoss
  • League: Silver

VOD

Have the link to the VOD?

Description

Time

  • Played on: April 12, 2016, 12:38 p.m.
  • Length: 16:03
Show
View Real Time Build Order
Export as new Build Order

ALAMUERTE Terran 

Build Orders: 1/1/1, Banshee Rush 

Get SALT Encoding   

  12  0:04  SCV  
  13  0:16  SCV  
  14  0:25  Supply Depot  
  14  0:27  Refinery  
  14  0:34  Refinery  
  14  0:36  SCV  
  15  0:53  Barracks  
  15  0:55  SCV  
  16  1:08  SCV  
  17  1:20  Supply Depot  
  17  1:25  SCV  
  18  1:42  Factory  
  18  1:50  Supply Depot  
  18  2:01  SCV  
  19  2:16  SCV  
  20  2:29  Starport  
  20  2:35  Starport  
  20  2:46  SCV  
  20  2:47  Starport  
  21  3:01  Orbital Command  
  21  3:07  Starport Tech Lab  
  21  3:12  Starport Tech Lab  
  21  3:24  Starport Tech Lab  
  21  3:27  Cloaking Field  
  21  3:36  Banshee  
  24  3:41  Banshee  
  27  3:50  Banshee  
  30  3:55  SCV  
  31  4:08  Supply Depot  
  31  4:19  Banshee  
  34  4:24  Banshee  
  37  4:36  Banshee  
  40  5:43  Banshee x2  
  45  6:26  Banshee  
  43  6:55  SCV  
  44  7:08  SCV  
  45  7:14  Viking  
  47  7:42  Banshee  
  47  7:43  SCV  
  45  7:44  Banshee  
  42  7:55  SCV  
  31  8:08  SCV  
  32  8:19  Marine  
  33  8:25  Supply Depot, Banshee  
  36  8:27  Banshee  
  39  8:37  Marine  
  40  8:54  Marine  
  41  9:08  Banshee  
  42  9:10  Banshee  
  42  9:12  Marine  
  43  9:30  Marine  
  43  9:37  Starport Tech Lab  
  43  9:51  Banshee  
  43  9:52  Banshee  
  44  10:33  Banshee  
  38  11:00  Banshee x2  
  22  11:16  Banshee  
  21  11:33  Orbital Command  
  21  11:42  Banshee  
  21  11:43  Banshee  
  27  11:59  Banshee  
Show
View Real Time Build Order
Export as new Build Order

pupu Protoss - Winner!

Build Orders: Nexus First 

Get SALT Encoding   

  12  0:01  Probe (Chrono Boost)  
  13  0:11  Probe (Chrono Boost)  
  14  0:18  Pylon  
  14  0:22  Probe (Chrono Boost)  
  15  0:36  Probe (Chrono Boost)  
  16  0:56  Nexus  
  16  1:08  Gateway  
  16  1:09  Probe (Chrono Boost)  
  17  1:17  Assimilator  
  17  1:22  Assimilator  
  17  1:24  Probe (Chrono Boost)  
  18  1:34  Probe (Chrono Boost)  
  19  1:45  Probe (Chrono Boost)  
  20  1:56  Cybernetics Core  
  20  2:01  Pylon  
  20  2:06  Probe (Chrono Boost)  
  22  2:08  Probe (Chrono Boost)  
  22  2:09  Pylon  
  22  2:17  Probe (Chrono Boost)  
  22  2:19  Probe (Chrono Boost)  
  24  2:27  Gateway  
  24  2:28  Probe (Chrono Boost)  
  25  2:33  Warp Gate (Chrono Boost)  
  25  2:36  Probe  
  26  2:44  Twilight Council  
  26  2:47  Probe  
  26  2:49  Probe  
  28  3:06  Probe, Robotics Facility  
  28  3:07  Probe  
  30  3:14  Stalker  
  30  3:16  Probe  
  30  3:18  Charge (Chrono Boost)  
  33  3:28  Probe  
  33  3:30  Probe  
  35  3:36  Pylon  
  35  3:42  Forge  
  35  3:43  Probe  
  35  3:44  Probe  
  37  3:56  Mothership Core  
  37  3:58  Warp Prism  
  41  4:08  Probe  
  42  4:17  Probe  
  42  4:18  Photon Cannon  
  42  4:20  Probe  
  44  4:29  Probe  
  45  4:32  Probe  
  45  4:34  Gateway  
  45  4:37  Gateway x2  
  46  4:38  Gateway  
  46  4:41  Probe  
  46  4:44  Probe  
  48  4:46  Pylon  
  48  4:53  Probe  
  48  4:56  Probe  
  50  5:05  Zealot x2  
  54  5:10  Probe x2  
  55  5:28  Stalker  
  55  5:56  Pylon  
  55  5:59  Pylon  
  45  6:26  Photon Cannon  
  45  6:28  Pylon  
  45  6:30  Pylon x2  
  38  6:34  Pylon  
  38  6:38  Photon Cannon  
  28  6:50  Photon Cannon  
  28  6:53  Photon Cannon  
  28  6:54  Photon Cannon x2  
  28  6:56  Photon Cannon x2  
  28  7:09  Cybernetics Core  
  28  7:14  Probe  
  28  7:20  Gateway  
  28  7:22  Gateway, Assimilator  
  29  7:24  Assimilator  
  29  7:27  Probe  
  30  7:47  Stalker  
  30  8:19  Probe  
  30  8:20  Pylon  
  30  8:21  Pylon  
  30  8:22  Pylon  
  30  8:23  Pylon  
  30  8:24  Pylon  
  30  8:26  Stalker, Pylon  
  33  8:30  Probe  
  34  8:55  Stalker  
  34  8:56  Stalker  
  38  9:38  Gateway  
  38  9:40  Gateway  
  38  9:41  Pylon  
  38  9:42  Pylon  
  38  9:44  Pylon  
  38  9:50  Forge  
  38  9:53  Zealot  
  39  10:40  Photon Cannon x2  
  39  11:22  Photon Cannon  
  39  11:27  Photon Cannon, Pylon  
  39  11:29  Pylon  
  31  12:03  Pylon  
  31  12:04  Pylon  
  31  12:05  Pylon  
  31  12:10  Pylon  
  31  12:12  Pylon x2  
  27  12:35  Stalker  
  29  13:04  Nexus  
  29  13:55  Pylon  
  29  14:04  Pylon  
  29  14:08  Assimilator  
  27  14:11  Pylon  
  27  14:32  Gateway  
  27  14:37  Forge  
  27  14:42  Gateway  
  27  14:44  Gateway  
  27  15:11  Assimilator  
  27  15:22  Photon Cannon  
  27  15:23  Photon Cannon  
  27  15:26  Photon Cannon  
  27  15:28  Photon Cannon  
  27  15:50  Photon Cannon  
  27  15:52  Photon Cannon  
  27  15:57  Photon Cannon  
Tags
 
Add a new tag
Caveats
  • Supply blocks, unpowered buildings, or Contaminate may cause inaccurate times.
  • Supply counts are checked every 10 seconds.